 Dungeon Sprint DCSS version 0.20-a0-1101-g1de9d76 (webtiles) character file.

954 Mesmaeker13 the Protected (level 8, -1/73 HPs)
             Began as a Formicid Fighter on May 4, 2017.
             Was a Follower of Okawaru.
             Slain by a smoke demon (3 damage)
             ... summoned by a kobold demonologist
             ... in the Dungeon (Sprint I: "Red Sonja").
             The game lasted 00:03:54 (1095 turns).

Mesmaeker13 the Protected (Formicid Fighter)        Turns: 1095, Time: 00:03:55

Health: -1/73      AC: 11    Str: 22    XL:     8   Next: 36%
Magic:  6/8        EV:  8    Int:  8    God:    Okawaru [*.....]
Gold:   359        SH: 11    Dex: 11    Spells: 7/7 levels left

rFire    . . .     SeeInvis +   a - +0 flail
rCold    . . .     Gourm    .   c - +0 shield
rNeg     . . .     Faith    .   k - +0 chain mail
rPois    .         Spirit   .   (helmet unavailable)
rElec    .         Reflect  .   (no cloak)
rCorr    .         Harm     .   (no gloves)
MR       .....                  (no boots)
Stlth    ..........             (no amulet)
Regen    0.3/turn               (no ring)
MPRegen  0.2/turn               (no ring)

@: drained
A: permanent stasis, dig shafts and tunnels, four strong arms, antennae 3
a: Dig, Heroism, Renounce Religion


You were in the Dungeon.
You worshipped Okawaru.
Okawaru was aware of your devotion.
You were hungry.

You visited 1 branch You collected 422 gold pieces.
You spent 63 gold pieces at shops.

Inventory:

Hand Weapons
 a - a +0 flail (weapon)
Armour
 c - a +0 shield (worn)
 k - a +0 chain mail (worn)
Wands
 h - a wand of enslavement (11/24)
 l - a wand of digging (8/24)
Potions
 d - a potion of might
 e - a potion of curing
 g - a potion of heal wounds
 i - 2 potions of magic
Comestibles
 f - a bread ration


   Skills:
 + Level 10.4(10.1) Fighting
 + Level 9.4(9.1) Maces & Flails
 + Level 10.5(10.2) Armour
 - Level 9.4(9.1) Shields


You had 7 spell levels left.
You didn't know any spells.

Dungeon Overview and Level Annotations

Branches:
Dungeon (1/1)

Altars:
Cheibriados
Dithmenos
Elyvilon
Fedhas
Gozag
Hepliaklqana
Kikubaaqudgha
Makhleb
Nemelex Xobeh
Okawaru
Qazlal
Ru
Sif Muna
Trog
Uskayaw
Vehumet
Wu Jian
Xom
Yredelemnul
Zin
The Shining One
Jiyva
Lugonu

Shops:
D [


Innate Abilities, Weirdness & Mutations

You cannot be hasted, slowed, berserked, paralysed or teleported.
You can dig through walls and to a lower floor.
Your four strong arms can wield two-handed weapons with a shield.
You have a pair of large antennae on your head. (SInv)


Message History

Things that are here:
a dagger; a robe The ice devil completely misses you.
The soul eater draws from the surrounding life force!
* * * LOW HITPOINT WARNING * * *
You block the smoke demon's attack. The smoke demon closely misses you.
The smoke demon hits you but does no damage.
The kobold demonologist looks encouraged for a moment.
You closely miss the kobold demonologist.
You block the ice devil's attack.
You thump the kobold demonologist!
The kobold demonologist is moderately wounded.
You block the smoke demon's attack. x2; The smoke demon closely misses you.
You block the kobold demonologist's attack.
The ice devil barely misses you.
You hit the kobold demonologist.
The kobold demonologist is moderately wounded.
The smoke demon barely misses you. You block the smoke demon's attack.
The smoke demon hits you.
You die...

###################
).#..'..#__#..'.3.#
..'?.#..'..'..#34K#
#'#####'#__####.@.+{{
..#...#.#### #####{{
###..##.# { __##'#_.+
{ [..'..._# {
__##_.#+# { __###+# {
### {


You could see a soul eater, an ice devil, a kobold demonologist and a smoke
demon.

Vanquished Creatures
  A kobold demonologist (D)
  A slime creature (D)
  Sigmund (D)
  A yak (D)
  A floating eye (D)
  An ogre (D)
  A jelly (D)
  Ijyb (D)
8 creatures vanquished.

Notes
Turn   | Place    | Note
-------+----------+-------------------------------------------
     0 | D        | Mesmaeker13 the Formicid Fighter began the quest for the Orb.
     0 | D        | Reached XP level 1. HP: 18/18 MP: 1/1
     1 | D        | Noticed Ijyb
    29 | D        | Killed Ijyb
    29 | D        | Reached skill level 5 in Shields
    29 | D        | Reached XP level 2. HP: 22/26 MP: 2/2
    29 | D        | Reached XP level 3. HP: 26/31 MP: 3/3
    75 | D        | Noticed an ogre
    80 | D        | Killed an ogre
    80 | D        | Reached skill level 5 in Fighting
    80 | D        | Reached skill level 5 in Armour
    80 | D        | Reached XP level 4. HP: 25/40 MP: 4/4
    80 | D        | Reached XP level 5. HP: 29/46 MP: 5/5
   194 | D        | Noticed Sigmund
   206 | D        | Killed Sigmund
   206 | D        | Reached XP level 6. HP: 24/55 MP: 6/6
   474 | D        | Found a deep blue altar of Sif Muna.
   475 | D        | Found an ornate altar of the Wu Jian Council.
   476 | D        | Found a radiant altar of Vehumet.
   567 | D        | Found Catewen's Armour Emporium.
   567 | D        | Found an ancient bone altar of Kikubaaqudgha.
   567 | D        | Found a hazy altar of Hepliaklqana.
   567 | D        | Found a stormy altar of Qazlal.
   567 | D        | Found a hide-covered altar of Uskayaw.
   567 | D        | Found a blossoming altar of Fedhas.
   567 | D        | Found a bloodstained altar of Trog.
   567 | D        | Found an iron altar of Okawaru.
   567 | D        | Found a basalt altar of Yredelemnul.
   567 | D        | Found a glowing golden altar of the Shining One.
   567 | D        | Found a snail-covered altar of Cheibriados.
   567 | D        | Found a sacrificial altar of Ru.
   567 | D        | Found a glowing silver altar of Zin.
   567 | D        | Found a shadowy altar of Dithmenos.
   567 | D        | Found a white marble altar of Elyvilon.
   567 | D        | Noticed a yak
   578 | D        | Killed a yak
   578 | D        | Reached XP level 7. HP: 32/63 MP: 7/7
   579 | D        | Found an opulent altar of Gozag.
   582 | D        | Found a sparkling altar of Nemelex Xobeh.
   586 | D        | Bought a +0 chain mail for 63 gold pieces
   741 | D        | Became a worshipper of Warmaster Okawaru
   756 | D        | Found a burning altar of Makhleb.
   756 | D        | Found a viscous altar of Jiyva.
   756 | D        | Found a shimmering altar of Xom.
   756 | D        | Found a corrupted altar of Lugonu.
   756 | D        | Noticed a slime creature
   775 | D        | Killed a slime creature
   775 | D        | Reached * piety under Okawaru
  1080 | D        | Noticed a kobold demonologist
  1081 | D        | Noticed a soul eater
  1081 | D        | Noticed a kobold demonologist
  1082 | D        | Noticed an ice devil
  1083 | D        | Noticed a smoke demon
  1085 | D        | Reached XP level 8. HP: 37/72 MP: 5/8
  1090 | D        | Noticed a rust devil
  1090 | D        | Killed a kobold demonologist
  1090 | D        | Reached skill level 10 in Fighting
  1090 | D        | Reached skill level 10 in Armour
  1092 | D        | HP: 1/73 [soul eater/drain life[a kobold demonologist] (11)]
  1095 | D        | Slain by a smoke demon

Vault maps used:
D:        dungeon_sprint_1

Skill      XL: |  1  2  3  4  5  6  7  8 |
---------------+-------------------------+-----
Fighting       | 4 5 7 8 9 10 | 10.4
Maces & Flails | 3 4 6 7 8 9 |  9.4
Armour         | 4 5 7 8 9 10 | 10.5
Shields        | 5 6 8 9 |  9.4

Action                   |  1- 3 |  4- 6 |  7- 9 || total
-------------------------+-------+-------+-------++-------
Melee: Flail             |    31 |    30 |    30 ||    91
Invok: Heroism           |       |       |     1 ||     1
Armor: Scale mail        |     6 |     4 |       ||    10
       Chain mail        |       |       |     4 ||     4
Dodge: Dodged            |    10 |     3 |    13 ||    26
Block: Shield            |    13 |    12 |    14 ||    39
